[Event "European Women-ch 2023"]
[Site "Petrovac"]
[Date "2023.03.20"]
[Round "3.18"]
[White "Zimina, Olga"]
[Black "Dwilewicz, Katarzyna"]
[Result "1-0"]
[ECO "E08"]
[WhiteElo "2295"]
[BlackElo "2114"]
[Annotator "TA"]
[PlyCount "115"]
[EventDate "2023.03.15"]
[EventType "swiss"]
[EventCountry "MNE"]
[SourceTitle "playchess.com"]
[Source "ChessBase"]
[SourceQuality "1"]
[TimeControl "40/5400+30:1800+30"]

1. d4 Nf6 2. Nf3 e6 3. g3 d5 4. c4 Bb4+ 5. Bd2 Be7 6. Bg2 O-O 7. O-O Nbd7 8. Qc2 Ne4 9. Bf4 c6 10. Nbd2 g5 {[%emt 0:07:24] E08: Closed Catalan: Main Line: 7 Qc2.} 11. Be3 Nd6 12. Ne1 Nf5 {[%emt 0:04:16] Black has an edge.} 13. Qd3 {[%emt 0:08:28] [#]} Bd6 $146 ({Predecessor:} 13... a5 14. Ndf3 Nxe3 15. Qxe3 dxc4 16. Ne5 Nxe5 17. dxe5 Ra6 18. Nf3 Qb6 19. Qc1 Qc5 20. Nxg5 Qxe5 {0-1 Guipi Bopala,P (1813)-Ouellet,M (2220) Montreal Pere Noel op 2022 (1)}) 14. Nc2 Qe7 15. Rac1 Nxe3 16. Nxe3 f5 17. cxd5 cxd5 18. Nf3 h6 (18... g4 $17 19. Ne1 Qg7) 19. Rc2 Kg7 20. Rfc1 b6 {[%emt 0:03:38] [#]} 21. Ne5 $1 Nxe5 22. dxe5 Bxe5 {[%emt 0:02:02] [#]} 23. Bxd5 Rb8 {[%emt 0:10:48] Black is weak on the light squares} (23... exd5 24. Rxc8 Raxc8 25. Rxc8 $16 (25. Nxd5 $2 Rxc1+ 26. Kg2 Qe6 $19)) (23... Rd8 24. Qb3) 24. Bf3 Bb7 (24... Rd8 $14 25. Qb5 Bd6) 25. Qb5 $16 Bd6 26. Nc4 {[%emt 0:01:39] White is more active.} (26. Rd2 {is more complex.} f4 27. Rcd1 a6 28. Qa4) 26... Bxf3 27. Nxd6 Qxd6 28. exf3 Rbd8 29. Rc6 (29. Rc7+ {is interesting.} Rf7 30. R1c6 Qd5 31. Rxf7+ Kxf7 32. Rc7+) 29... Qd5 30. Qxd5 exd5 $14 {[%emt 0:00:14][%cal Be6d5,Bd5d4][%mdl 4128] Endgame KRR-KRR} 31. Rc7+ Rf7 32. Rxf7+ (32. Kf1 $5 ) 32... Kxf7 $11 {[%emt 0:00:05] KR-KR} 33. Rc7+ Ke6 34. Rxa7 d4 {[%emt 0:00:27] ...d3 is the strong threat.} 35. Kf1 Rc8 (35... d3 36. Ke1 $14) 36. Rh7 Rc1+ 37. Ke2 Rc2+ 38. Kd3 Rxb2 39. Kxd4 Rxa2 40. Rxh6+ Kf7 41. Rxb6 {[%emt 0:00:56] With the idea Ke3.} Rxf2 42. Ke5 f4 43. g4 {[%emt 0:05:44] Hoping for Kf5.} Rxf3 (43... Ra2 $1 $11 {remains equal.}) 44. Kf5 $16 Rf2 {[%emt 0:07:25] [#]} 45. h3 (45. Rb7+ $1 $16 Ke8 46. h3 (46. Kxg5 Rxh2 47. Kxf4 Rc2 $11)) 45... Rh2 $2 {[%emt 0:06:13][%mdl 8192] A mistake that costs the game.} (45... Rf3 $11) 46. Rb7+ $18 (46. Kxg5 Rxh3 47. Rb7+ (47. Kxf4 Kg7 $11) 47... Kf8 $11) 46... Ke8 47. Rb3 (47. Kxg5 Rxh3 48. Kxf4 Ra3 $11) 47... Re2 48. Kxg5 Re3 49. Rb8+ (49. Rxe3+ fxe3 50. h4 e2 51. h5 e1=Q 52. Kf6 Qe7+ 53. Kf5 Qe3 54. g5 Qf3+ 55. Ke5 Qxh5 56. Ke4 Qxg5 57. Kd4 Qd2+ 58. Ke4 Kf7 59. Kf3 Ke6 60. Ke4 Kf6 61. Kf3 Kf5 62. Kg3 Qe2 63. Kh3 Kf4 64. Kh4 Qh2#) 49... Ke7 50. h4 ({Weaker is} 50. Kxf4 Rxh3 51. Kg5 (51. g5 Kf7 $11) 51... Rg3 $16) 50... Rh3 51. Rb5 {[%emt 0:01:39] White mates.} f3 52. Rf5 Ke6 53. h5 Ke7 54. Kg6 Ke6 55. h6 Rg3 56. g5 Rh3 57. h7 Ke7 {[%emt 0:01:03] [#]} 58. Rxf3 $3 {[%emt 0:00:33][%mdl 576] Deflection.   Weighted Error Value: White=0.10 (very precise) /Black=0.23 (precise)} 1-0

[Event "European Women-ch 2023"]
[Site "Petrovac"]
[Date "2023.03.20"]
[Round "3.18"]
[White "Kejzar, Petra"]
[Black "Karaivanova, Petya"]
[Result "1-0"]
[ECO "E04"]
[WhiteElo "2128"]
[BlackElo "1875"]
[Annotator "TA"]
[PlyCount "125"]
[EventDate "2023.03.15"]
[EventType "swiss"]
[EventCountry "MNE"]
[SourceTitle "playchess.com"]
[Source "ChessBase"]
[SourceQuality "1"]
[TimeControl "40/5400+30:1800+30"]

1. d4 d5 2. c4 e6 3. Nf3 Nf6 4. g3 Bb4+ 5. Nbd2 O-O 6. Bg2 dxc4 7. O-O c3 8. bxc3 Bxc3 9. Rb1 $1 Bxd4 {[%emt 0:03:58] E04: Open Catalan: 5 Nf3.} 10. Nxd4 Qxd4 11. Bb2 (11. Bxb7 Bxb7 12. Rxb7 Na6 $15) (11. Qc2 {feels hotter.} Nbd7 12. Ba3 Re8 13. e3) 11... Qd8 {[%emt 0:01:38] The position is equal.} 12. Qc2 Nbd7 13. Rfd1 {[%emt 0:01:01] [#]} Qe7 $146 ({Predecessor:} 13... a5 14. Nc4 a4 15. Ba3 Re8 16. Ne5 Ra6 17. h3 Nd5 18. Nc4 Rc6 19. Qd3 b5 {0-1 Senthil,M (2246)-Golubka,P (2452) Titled Tuesday intern op 09th Feb blitz 2021 (2)}) 14. Qxc7 Nd5 {[%emt 0:00:35] Repels Qc3} 15. Qc1 {[%emt 0:06:00][%mdl 1024] Black must now prevent Ba3. White has compensation.} Rd8 16. Ne4 {[%emt 0:07:50] And now Ba3 would win.} b5 17. Nc3 {[%emt 0:02:21] White has more active pieces.} Bb7 18. Ba3 {[%emt 0:05:59] A strong pair of Bishops.} (18. Nxd5 Bxd5 19. Bxd5 exd5 $14) 18... Qf6 {[%emt 0:05:43] Black is on the road to losing.} 19. Ne4 $36 {[%emt 0:01:17][%mdl 2048] White has the initiative.} (19. Bxd5 Bxd5 20. Nxd5 exd5 $14) 19... Qg6 {[%emt 0:01:59] [#]} ({Black should play} 19... Qe5 $1 $14) 20. Nd6 $1 $16 (20. Rxb5 $6 Rac8 21. Qb2 N7b6 $14) 20... Rac8 (20... b4 $16 {keeps fighting.}) 21. Nxc8 $18 Rxc8 22. Qb2 a6 (22... Bc6 {might work better.} 23. Rbc1 h6) 23. Rbc1 Re8 24. Qc2 (24. Qd4 $142) 24... Qh5 $2 (24... f5 {is tougher.} 25. e4 fxe4 26. Qxe4 (26. Bxe4 Qh5 $18) 26... Qxe4 27. Bxe4 Ne5) 25. e4 N5f6 {[%emt 0:01:16] [#]} 26. Rxd7 {[%emt 0:04:26][%mdl 576] Decoy} Nxd7 27. Qc7 Ne5 28. Qxb7 Rd8 {[%emt 0:01:21] [#]} (28... h6 $142 29. Qxa6 Rd8) 29. Qc8 $3 {[%emt 0:04:18][%cal Rc8d8][%mdl 576] Back Rank} Qd1+ 30. Rxd1 Rxc8 31. Bf1 h6 32. f4 Ng4 33. Bh3 Ne3 34. Rc1 Rd8 35. Bc5 Nc4 36. Bf1 Nd2 37. e5 Ne4 $2 (37... Nxf1 {was worth a try.} 38. Rxf1 Rc8) 38. Be3 Nd2 39. Be2 {[%emt 0:00:32] aiming for Rd1.} Ne4 40. Rc6 b4 41. Rxa6 Nc3 42. Kf2 Nd5 43. Bc4 Nc3 44. Bb3 Nd5 45. Rd6 Rc8 46. Bxd5 Rc2+ 47. Ke1 exd5 48. Rxd5 Rxa2 {[%emt 0:00:30][%mdl 4096] Endgame KRB-KR} 49. Rd2 Ra1+ 50. Ke2 Kh7 51. Rb2 Rh1 52. Kd3 Kg6 53. Ke4 Kh5 54. Kf3 g6 55. Bf2 g5 56. g4+ Kg6 57. f5+ Kg7 58. Kg2 (58. Rxb4 $142 Ra1 59. Rb8 h5 60. e6 Ra3+ 61. Kg2 fxe6 62. fxe6 Kf6 63. e7 {[%mdl 64] Decoy}) 58... Rd1 59. Rxb4 {[%emt 0:00:10] White mates.} Rd5 60. Rb7 Kg8 61. Bg3 Rd4 62. Kf3 Ra4 63. e6 {[%emt 0:00:28] Weighted Error Value: White=0.31/Black=0.60} 1-0

[Event "European Women-ch 2023"]
[Site "Petrovac"]
[Date "2023.03.20"]
[Round "3.19"]
[White "Vidic, Teja"]
[Black "Lazarne Vajda, Szidonia"]
[Result "0-1"]
[ECO "C41"]
[WhiteElo "2097"]
[BlackElo "2294"]
[Annotator "TA"]
[PlyCount "158"]
[EventDate "2023.03.15"]
[EventType "swiss"]
[EventCountry "MNE"]
[SourceTitle "playchess.com"]
[Source "ChessBase"]
[SourceQuality "1"]
[TimeControl "40/5400+30:1800+30"]

1. e4 d6 2. d4 Nf6 3. Nc3 e5 4. Nf3 Nbd7 5. Bc4 Be7 6. a4 O-O 7. a5 c6 8. O-O h6 9. Re1 {[%emt 0:03:37] 9.Re1 is better than 9.h3.} Re8 {[%emt 0:02:50] C41: Philidor Defence.} 10. h3 exd4 11. Nxd4 Bf8 {[%emt 0:00:21] White is slightly better.} 12. a6 Nc5 13. axb7 Bxb7 {[%emt 0:00:16][%cal Rf6e4] [#]} 14. f3 $146 ({Predecessor:} 14. Bd3 Nxd3 15. cxd3 g6 16. Nb3 a5 17. Be3 c5 18. f3 Bc6 19. Ra2 d5 20. Bf2 dxe4 21. dxe4 {½-½ Petrov,M (2439)-Vutov,M (2334) BUL-ch 82nd Kozloduy 2018 (8)}) 14... d5 15. exd5 Rxe1+ 16. Qxe1 cxd5 17. Bf1 Qb6 18. Qf2 Re8 19. Bb5 Rc8 20. b4 $2 (20. Na4 $11 Nxa4 21. Bxa4) 20... Ne6 (20... Nce4 $1 $17 21. fxe4 Rxc3) 21. Nxe6 $11 Qxf2+ 22. Kxf2 fxe6 (22... Rxc3 23. Nxf8 (23. Rxa7 $2 Rxc2+ 24. Ke1 fxe6 $19) 23... a6 24. Bd3 (24. Bxa6 Bxa6 25. Rxa6 Rxc2+ 26. Ke3 Rxc1 $16) 24... Kxf8 25. b5 (25. Bxa6 $2 Bxa6 26. Ra2 Bc4 $19) 25... axb5 26. Ra7 $18) 23. Ne2 Bxb4 24. Be3 $1 a5 25. c3 Bxc3 26. Nxc3 Rxc3 27. Rxa5 (27. Bd4 $5 Rc2+ 28. Ke1 $11) 27... e5 28. Ra7 Bc8 29. Re7 Rc2+ 30. Kf1 (30. Kg1 $11) 30... d4 $1 $15 31. Bf2 Rc5 32. Bd3 Kf8 33. Ra7 Nd5 34. Be4 (34. Be1 $11 {was preferrable.}) 34... Nc3 (34... Be6 $15) 35. Bd3 Nd5 36. Be4 Be6 37. Be1 Ne3+ 38. Kf2 {[%emt 0:00:30] Hoping for Bb4.} Rb5 {[%emt 0:00:16] Prevents Bb4+.} 39. g4 (39. Rb7 $17 Rxb7 40. Bxb7) 39... Bd5 40. Bxd5 {[%emt 0:00:00] Strongly threatening Be4.} Nxd5 $17 {[%emt 0:00:00][%mdl 4096] Endgame KRB-KRN} (40... Rxd5 41. Rb7 $15) (40... Rb2+ $142 41. Bd2 Rxd2+ 42. Ke1 Rh2) 41. Bd2 Rb2 (41... Nf6 $1 $17 {Threatens to win with ...e4.} 42. Bc1 Rb1 43. Ba3+ Kg8 44. Ra8+ Kh7) 42. Ke1 $15 Rb3 (42... g5 $5 ) 43. Ra5 Nf6 {[%emt 0:00:23] ...g5 is the strong threat.} 44. Rxe5 (44. Ke2 e4 45. fxe4 Rxh3 $17) 44... Rxf3 45. g5 hxg5 46. Bxg5 Rxh3 47. Bxf6 gxf6 $11 {[%emt 0:00:06] KR-KR} 48. Rd5 {[%emt 0:00:04][%mdl 8192] This move loses the game for White.} (48. Re4 $11) 48... Rh4 $1 $19 49. Rd7 Ke8 (49... f5 50. Ke2 $11) 50. Ra7 {[%emt 0:00:05] [#]} Re4+ $1 (50... f5 51. Ke2 $15) 51. Kd2 {[%emt 0:01:56] [#]} Re7 $1 ({Not} 51... f5 52. Kd3 $11) 52. Ra4 Rd7 53. Kd3 Kf7 (53... f5 54. Ra5 $11 (54. Rxd4 Rxd4+ 55. Kxd4 Kf8 $11)) 54. Ra1 Rd5 ({Worse is} 54... f5 55. Ra6 $11) 55. Ke4 Rd6 56. Kd3 f5 57. Rh1 Kg6 58. Rg1+ Kf6 59. Rf1 Rd7 60. Rf2 Kg5 61. Rf1 f4 {[%emt 0:00:29][%cal Bf5f4,Bf4f3][%mdl 32] ( -> ...Kg4)} 62. Rg1+ Kf5 {[%emt 0:00:06] Black mates.} 63. Rg8 f3 64. Rf8+ Kg4 65. Rg8+ Kf4 66. Rf8+ Kg3 67. Rg8+ Kf2 68. Rf8 Kg2 69. Rg8+ Kf1 70. Rf8 f2 71. Rg8 Ra7 72. Kd2 Ra2+ 73. Kd1 d3 74. Rg7 d2 75. Rf7 Ra1+ ({Inferior is} 75... Kg2 76. Rxf2+ Kxf2 $11) 76. Kxd2 Kg2 77. Rg7+ Kh3 78. Rh7+ Kg4 79. Rg7+ Kh5 {[%emt 0:00:05] Weighted Error Value: White=0.38/Black=0.12 (very precise)} 0-1

[Event "European Women-ch 2023"]
[Site "Petrovac"]
[Date "2023.03.20"]
[Round "3.19"]
[White "Bassari, Senem Gul"]
[Black "Abdinova, Narmin"]
[Result "0-1"]
[ECO "C90"]
[WhiteElo "1524"]
[BlackElo "2090"]
[Annotator "TA"]
[PlyCount "58"]
[EventDate "2023.03.15"]
[EventType "swiss"]
[EventCountry "MNE"]
[SourceTitle "playchess.com"]
[Source "ChessBase"]
[SourceQuality "1"]
[TimeControl "40/5400+30:1800+30"]

1. e4 e5 2. Nf3 Nc6 3. Bb5 a6 4. Ba4 Nf6 5. O-O Be7 6. Re1 b5 7. Bb3 d6 8. c3 Na5 9. Bc2 c5 10. h3 {[%emt 0:01:39] C90: Closed Ruy Lopez with 7...d6: Early deviations.} g5 {[%emt 0:00:48] [#] 10...Qc7 is setting a new trend.} 11. b4 $146 (11. Nxg5 Rg8 12. d4 h6 13. dxe5 dxe5 14. Qxd8+ Bxd8 $11) (11. d4 {is interesting.} g4 12. hxg4 Nxg4 13. b4) ({Predecessor:} 11. d4 g4 12. hxg4 Nxg4 13. b4 Nc4 14. a4 Bd7 15. bxc5 dxc5 16. Nbd2 Bh4 17. Nxh4 Qxh4 {0-1 Kaasen,T (2452)-Demchenko,A (2632) Sitges Sunway op 9th 2022 (4)}) 11... cxb4 12. cxb4 {[%emt 0:38:31] The position is equal.} Nc6 13. Bb3 (13. a4 $1 $11) 13... g4 (13... Nxb4 14. Nxg5 Rf8 15. d4 $16) (13... Rg8 $5 ) 14. Ng5 (14. hxg4 $142 Bxg4 15. Bb2) 14... Rf8 15. Bb2 gxh3 (15... Nxb4 16. d4) 16. g3 (16. Nc3 {was worth a try.}) 16... h6 (16... Nxb4 17. d4) (16... Bg4 $19 {has better winning chances.} 17. Nf3 Rc8) 17. Nf3 $17 Bg4 18. a3 (18. d4 $17) 18... Rc8 {[%emt 0:03:53] Strongly threatening ...Nh7.} 19. Qe2 {[%emt 0:03:32] [#]} (19. d4 $17) 19... h2+ 20. Kh1 Bh5 (20... h5 $17 {[%cal Oh5h4] White must now prevent ...h4!} 21. d3 h4) 21. a4 (21. d3 $11) 21... d5 $2 (21... Nh7 $17 {keeps the pressure on. ...Ng5 is the strong threat.} 22. Qe3 Bg5 23. Nxg5 Nxg5) 22. d3 $2 {[%emt 0:01:48] [#]} (22. exd5 $16 {is forced if you want to stay better.} Nxd5 23. axb5 axb5 24. Kxh2) 22... d4 (22... Bxb4 23. exd5 Nxd5 24. axb5 axb5 25. Rc1 $17) (22... dxe4 $1 $19 23. dxe4 Bxb4) 23. axb5 axb5 (23... Nxb4 24. bxa6 Qb6 25. a7 $16 (25. Kxh2 Nxa6 26. Ba4+ Kd8 $11)) 24. Na3 $2 (24. Rc1 $15) 24... Nh7 $19 ({Not} 24... Nxb4 25. Nxb5 Nd7 26. Ba4 $15 (26. Kxh2 Qb6 $17)) (24... Bxb4 $2 25. Reb1 $19) 25. Bd1 Ng5 ({Stronger than} 25... Nxb4 26. Qd2 Bxf3+ 27. Bxf3 $15) (25... Bxb4 $2 {is the wrong capture.} 26. Qc2 $19) 26. Qd2 (26. Qf1 $142 Nxf3 27. Re2) 26... Bxf3+ 27. Kxh2 Qd7 {[%emt 0:00:11] ( -> ...Qh3+)} 28. Bxf3 Qh3+ {[%emt 0:00:06][%mdl 64] Zwischenzug} 29. Kg1 Nxf3# {[%emt 0:00:05] A cool game by Abdinova.   Weighted Error Value: White=1.32/Black=0.57} 0-1

[Event "European Women-ch 2023"]
[Site "Petrovac"]
[Date "2023.03.20"]
[Round "3.20"]
[White "Urh, Zala"]
[Black "Berke, Ana"]
[Result "1-0"]
[ECO "E25"]
[WhiteElo "2294"]
[BlackElo "2107"]
[Annotator "TA"]
[PlyCount "61"]
[EventDate "2023.03.15"]
[EventType "swiss"]
[EventCountry "MNE"]
[SourceTitle "playchess.com"]
[Source "ChessBase"]
[SourceQuality "1"]
[TimeControl "40/5400+30:1800+30"]

1. d4 Nf6 2. c4 e6 3. Nc3 Bb4 4. a3 Bxc3+ 5. bxc3 c5 6. f3 d5 7. cxd5 Nxd5 8. dxc5 Qa5 9. e4 Nf6 10. Be3 O-O 11. Qb3 Nfd7 12. a4 Qc7 13. Qa3 Na6 {[%emt 0:02:27] E25: Nimzo-Indian: Sämisch: 5...c5 6 f3 d5 7 cxd5.} 14. Bxa6 bxa6 15. Ne2 Ne5 $1 {[%emt 0:07:23] The position is equal.} 16. O-O {[%emt 0:01:10] Bf4 would be deadly.} Nc4 17. Qc1 e5 {[%emt 0:02:17] [#]} 18. Bf2 $146 ({Predecessor:} 18. f4 Bb7 19. fxe5 Nxe3 20. Qxe3 Rac8 21. Rab1 Ba8 22. e6 fxe6 23. Rxf8+ Rxf8 24. Rf1 {1-0 Moskalenko,V (2525)-Lawson,D (2315) St Martin op 1991 (9)}) 18... Rb8 19. Rd1 (19. Nd4 $14) 19... Rb2 $11 20. Ng3 Be6 21. Nf5 Rfb8 (21... Rxf2 $11 22. Kxf2 Bxf5 23. exf5 Qxc5+ 24. Kg3 Ne3) 22. h4 (22. Rd3 $14) 22... f6 23. Rd3 Bxf5 (23... Na3 $5 24. Qf1 (24. Rxa3 Rb1 $17) 24... Bc4 $11) 24. exf5 {[%emt 0:00:19] aiming for Qe1.} e4 25. fxe4 {[%emt 0:05:13] With the idea Qe1.} Rxf2 $2 {[%emt 0:05:39] This costs Black the game.} 26. Kxf2 $18 Rb2+ (26... Re8 $142) 27. Kg1 {[%emt 0:02:37] [#] And now Rb1 would win.} Qxc5+ 28. Rd4 h6 29. Kh1 {[%emt 0:02:22][%cal Od4c4] Rxc4! is the strong threat.} Re2 $2 (29... Rb8 30. Rb1 Rc8) 30. Qf1 Re3 31. Qxc4+ {[%emt 0:00:09] Weighted Error Value: White=0.09 (flawless) /Black=0.59} 1-0

[Event "European Women-ch 2023"]
[Site "Petrovac"]
[Date "2023.03.20"]
[Round "3.20"]
[White "Recica, Jona"]
[Black "Slaba, Andrea"]
[Result "0-1"]
[ECO "B19"]
[WhiteElo "1231"]
[BlackElo "2061"]
[Annotator "TA"]
[PlyCount "88"]
[EventDate "2023.03.15"]
[EventType "swiss"]
[EventCountry "MNE"]
[SourceTitle "playchess.com"]
[Source "ChessBase"]
[SourceQuality "1"]
[TimeControl "40/5400+30:1800+30"]

1. e4 {[%emt 0:00:09] Marin,Mihail} c6 2. d4 d5 3. Nc3 dxe4 4. Nxe4 Bf5 5. Ng3 Bg6 6. h4 h6 7. h5 Bh7 8. Nf3 Nd7 9. Bd3 Bxd3 10. Qxd3 Ngf6 11. Bf4 e6 12. O-O-O Be7 13. Ne4 {[%emt 0:03:22] is the legacy move (13.Kb1).} Nxe4 {[%emt 0:00:08] B19: Classical Caro-Kann: 4...Bf5 main line.} 14. Qxe4 Nf6 15. Qe2 Qd5 {[%emt 0:00:26][%csl LRa2,LRh5] The position is equal.} 16. c4 Qe4 17. Qxe4 Nxe4 {[%emt 0:00:30] [#]} 18. Ne5 $146 (18. Be3 $11) ({Predecessor:} 18. Be3 O-O 19. Ne5 Bd6 20. f3 Ng3 21. Rh3 Nf5 22. Bf2 Rad8 23. g4 Ne7 24. Nd3 {1-0 Anand,V (2803)-Ponomariov,R (2738) Sofia MTel Masters 2nd 2006 (4)}) 18... f5 $2 (18... Nxf2 $19 19. Kc2 O-O) 19. Rhf1 (19. Ng6 $16 {And now f3 would win.} Rg8 20. Rhe1) 19... O-O $14 20. Be3 (20. f3 $14 Nf6 21. Rh1) 20... Bg5 (20... f4 $5 21. Bd2 Nxd2 22. Kxd2 Rf5 $11) 21. f4 Bf6 22. Ng6 Rfd8 23. Rf3 Rac8 24. Bg1 Nd6 25. c5 Ne4 26. Re3 b6 (26... Rxd4 $2 27. Rxd4 Bxd4 28. Ne7+ Kh7 29. Nxc8 $18) 27. cxb6 (27. Rb3 $5 ) 27... axb6 (27... Rxd4 $2 28. Rxd4 axb6 29. Rd7 $18) (27... c5 {looks sharper.} 28. d5 exd5 29. bxa7 Ra8) 28. Rb3 b5 29. Kb1 Rb8 30. Rdd3 {[%emt 0:03:15] [#]} (30. Kc2 $15) 30... Kf7 ({Black should try} 30... c5 $1 $17 {[%cal Rc5c4] ...c4 is the strong threat.} 31. dxc5 Nd2+ 32. Kc2 Nxb3 33. Rxb3 Kf7) 31. Ra3 $11 Ra8 32. Rxa8 Rxa8 33. Ne5+ Bxe5 34. dxe5 {[%emt 0:00:20][%mdl 4096] Endgame KRB-KRN} Ke7 35. Re3 (35. Bh2 $11 {remains equal.}) 35... Rd8 $17 {[%emt 0:00:47] Black is more active.} 36. Re1 {[%emt 0:00:57] Inhibits Rd1+.} (36. Kc1 $17 {might work better.}) 36... Rd5 (36... Rd2 $19 37. g4 fxg4) 37. Bh2 $2 (37. Kc1 $17 {was worth a try.}) 37... Rd2 $19 38. Rg1 c5 39. b3 $2 (39. Rc1) 39... Nc3+ {[%emt 0:00:34][%mdl 64] [#] Deflection, Double Attack. Black is clearly winning.} 40. Kc1 Rxa2 {[%emt 0:00:00] Strongly threatening ...b4.} ({Weaker is} 40... Nxa2+ 41. Kxd2 Nb4 42. Rc1 $18) 41. Re1 Rxg2 42. Rh1 Ra2 (42... c4 $142 43. b4 Na2+ 44. Kb1 c3 45. Ka1 c2 46. Bg3 Rd2 47. Bh4+ Kf7 48. Rg1 Rd1+ 49. Rxd1 cxd1=Q+ 50. Kxa2 Qc2+ 51. Ka1 Ke8 52. Bg3 Kd7 53. Bf2 Qxf2 54. Kb1 Kc6 55. Kc1 Kd5 56. Kd1 Kc4 57. Kc1 Kc3 58. Kd1 Qf1#) 43. Bg1 Ne4 44. Kb1 Re2 {[%emt 0:00:07] Weighted Error Value: White=0.83/Black=0.49} 0-1

[Event "European Women-ch 2023"]
[Site "Petrovac"]
[Date "2023.03.20"]
[Round "3.21"]
[White "Kulon, Klaudia"]
[Black "Pogorelskikh, Sofia"]
[Result "0-1"]
[ECO "A17"]
[WhiteElo "2290"]
[BlackElo "2102"]
[Annotator "TA"]
[PlyCount "106"]
[EventDate "2023.03.15"]
[EventType "swiss"]
[EventCountry "MNE"]
[SourceTitle "playchess.com"]
[Source "ChessBase"]
[SourceQuality "1"]
[TimeControl "40/5400+30:1800+30"]

1. Nf3 d5 2. e3 Nf6 3. c4 e6 4. Nc3 Bd6 5. b3 a6 6. Bb2 {[%emt 0:00:37] A17: English Opening: 1...Nf6 with ...Bb4.} b6 7. cxd5 {[%emt 0:00:51] 7.d4 is vanishing.} exd5 8. Be2 {[%emt 0:00:55] The position is equal.} O-O 9. O-O Bb7 10. Qc2 Nbd7 {[%emt 0:01:41] [#]} 11. Qf5 $146 ({Predecessor:} 11. a3 Re8 12. Rfe1 Rc8 13. b4 c5 14. bxc5 bxc5 15. Qf5 d4 16. exd4 cxd4 17. Nxd4 {½-½ Afanasiev,N (2562)-Drygalov,A (2502) Ekaterinburg Scerbin Memorial rapid 2023 (11)}) 11... Re8 12. Bd3 (12. d4 $11) 12... Ne5 13. Nxe5 (13. Be2 $1 $15) 13... Rxe5 $17 14. Qf3 Qc8 (14... Rb8 $17 {[%cal Od5d4] ...d4! is the strong threat.} 15. Nd1 Re6) 15. Qd1 {[%emt 0:05:08] [#]} d4 $1 16. Ne2 $1 Bf3 (16... c5 {simplifies} 17. Ng3 Qc6 18. f3 Rae8) 17. Qc2 $2 {[%emt 0:11:55] Black continues to play with concentration.} (17. gxf3 Qh3 18. Bxh7+ Nxh7 19. Ng3 Rh5 20. Re1 Bxg3 21. fxg3 Qxh2+ 22. Kf1 Rh3 23. exd4 Rxg3) (17. Qb1 $1 $15) 17... Rc5 $19 18. Qxc5 Qg4 $40 {[%emt 0:05:58][%csl Gf3][%cal Rg4g2][%mdl 128] Black has strong attack.} (18... bxc5 19. gxf3 h5 20. Kg2 $19) 19. Ng3 (19. Bxh7+ $2 Nxh7 20. Ng3 bxc5 $19) 19... bxc5 (19... Bxc5 $2 {perishes.} 20. Bf5 Qg5 21. gxf3) 20. gxf3 Qxf3 21. Be2 Qd5 22. Bc4 Qg5 23. Rae1 Re8 24. Kg2 $2 (24. f4 {is a better chance.} Qg4 25. Re2) 24... h5 25. Kh1 h4 26. Ne2 Ne4 27. exd4 h3 28. Ng3 Bxg3 29. hxg3 {[%emt 0:01:50] [#]} Nxf2+ $1 {[%emt 0:00:32][%mdl 576] Deflection} 30. Rxf2 (30. Kh2 Rxe1) 30... Rxe1+ 31. Kh2 Re7 32. Ba3 Re4 {[%emt 0:02:01] Prevents Rf4.} 33. Bxc5 Rg4 34. Rxf7 {[%emt 0:00:45] [#]} Kh7 $1 ({But not} 34... Rxg3 35. Rf5+ (35. Rxc7+ {gets mated.} Kh7) 35... Kh7 36. Rxg5 Rxg5 37. Bxa6 Rg2+ 38. Kxh3 $18) 35. Rf3 Qxd2+ 36. Kxh3 Qg5 (36... Rg5 $19 {( -> ...Rh5+)} 37. Be7 Rh5+ 38. Kg4 Qd1 39. Bd3+ Kh6) 37. Bd3+ $2 (37. Bxa6 $17 {was the only defense.} Kh6 38. Bd3) 37... Kh6 38. a4 a5 39. b4 $2 (39. Bb1) 39... axb4 40. a5 Qh5+ 41. Kg2 Qd5 {[%emt 0:03:32] aiming for ...b3.} 42. a6 b3 {[%emt 0:06:20] Hoping for ...b2.} 43. a7 b2 44. Kf2 {[%emt 0:05:02] [#]} Rg6 $1 {[%emt 0:05:32][%cal Od5a2][%mdl 64] ...Qa2! would be deadly. Promotion} 45. Re3 (45. Rf4 Re6) 45... Rf6+ {[%emt 0:01:39] Black mates.} 46. Kg1 Rf3 47. Rxf3 Qxf3 48. Bc2 Kh5 49. d5 Qxd5 50. Bf2 Kg4 51. Kf1 Qc4+ 52. Kg2 Qc6+ 53. Kg1 Qxc2 {[%emt 0:00:30] A brilliant game!   Weighted Error Value: White=0.86/Black=0.61} 0-1